 Dungeon Crawl Stone Soup version 0.32-a0-646-g91cf321817 (webtiles) character file.

Game seed: 8050791361381357393

57820 sbaton the Severer (level 14, -4/113 HPs)
             Began as a Coglin Berserker on Mar 6, 2024.
             Was a High Priest of Trog.
             Slain by an 11-headed hydra (12 damage)
             ... on level 2 of the Lair of Beasts on Mar 8, 2024.
             The game lasted 00:47:01 (20255 turns).

sbaton the Severer (Coglin Berserker)              Turns: 20255, Time: 00:47:02

Health: -4/113     AC: 12    Str: 22    XL:     14   Next: 87%
Magic:  14/14      EV: 10    Int:  8    God:    Trog [*****.]
Gold:   776        SH:  0    Dex: 16    Spells: 13/13 levels left

rFire   . . .        W - +2 hand axe (heavy) {Margit}
rCold   + . .        D - +6 hand axe of the Boiling Point {vamp, Dex+3}
rNeg    . . .        O - +0 scale mail {rC+}
rPois   +            p - +0 helmet
rElec   .            U - scarf {repulsion}
rCorr   +            y - +2 pair of gloves
SInv    .            (no boots)
Will    +....        (amulet unavailable) Stlth
                     (ring unavailable)
HPRegen 0.38/turn    (ring unavailable)
MPRegen 0.14/turn    T
                       - N-60 megawhirligig {rPois rCorr Slay+3 Clar RMsl}

%: repel missiles, clarity
@: no status effects
A: off-hand wielding, slow wielding, warmup strikes, no jewellery
a: Renounce Religion, Berserk, Trog's Hand, Brothers in Arms


You were on level 2 of the Lair of Beasts.
You worshipped Trog.
Trog was extremely pleased with you.
You visited 3 branches of the dungeon, and saw 20 of its levels.
You also visited: Ossuary.

You collected 2001 gold pieces.
You spent 1225 gold pieces at shops.

Inventory:

Hand Weapons
 a - a +1 hand axe {Thatsani}
 c - a +0 dagger {Duaenre}
 D - the +6 hand axe of the Boiling Point (offhand) {vamp, Dex+3}
   (You took it off an orc on level 5 of the Dungeon)

   Dex+3:     It affects your dexterity (+3).
 W - a +2 heavy hand axe (weapon) {Margit}
 X - a +6 antimagic war axe
Missiles
 g - 37 poisoned darts
 L - a throwing net
Armour
 p - a +0 helmet (worn)
 w - a +0 cloak
 y - a +2 pair of gloves (worn)
 O - a +0 scale mail of cold resistance (worn)
 U - a scarf of repulsion (worn)
 V - a +1 leather armour of fire resistance
 Y - a +2 robe of resistance
Gizmo
 T - a N-60 megawhirligig (installed) {rPois rCorr Slay+3 Clar RMsl}
   (You invented it yourself on level 15 of the Dungeon)

   [N-60 megawhirligig]

   Slay+3:    It affects your accuracy & damage with ranged weapons and melee
   (+3).
   rPois:     It protects you from poison.
   Clar:      It protects you from confusion, rage, mesmerisation and fear.
   RMsl:      It protects you from missiles.
   rCorr:     It protects you from acid and corrosion.
Wands
 C - a wand of charming (19)
 F - a wand of polymorph (7)
 J - a wand of mindburst (5)
 K - a wand of iceblast (18)
 N - a wand of digging (2)
 P - a wand of flame (26)
 Q - a wand of light (3) (quivered)
Scrolls
 b - 7 scrolls of revelation
 h - 5 scrolls of immolation
 j - 4 scrolls of poison
 k - 4 scrolls of enchant weapon
 l - 3 scrolls of noise
 m - 4 scrolls of amnesia
 n - 3 scrolls of vulnerability
 s - 2 scrolls of butterflies
 x - 2 scrolls of enchant armour
 z - 5 scrolls of fear
 E - 3 scrolls of fog
 G - 4 scrolls of teleportation
 M - a scroll of blinking {unknown}
 R - a scroll of brand weapon {unknown}
 Z - a scroll of identify
Potions
 d - 8 potions of heal wounds
 e - 3 potions of berserk rage {unknown}
 f - 5 potions of might {unknown}
 i - 3 potions of magic
 o - 11 potions of curing
 q - 3 potions of brilliance
 r - 6 potions of resistance {unknown}
 t - 4 potions of enlightenment {unknown}
 u - 2 potions of attraction
 v - 5 potions of degeneration
 A - 3 potions of ambrosia
 B - 3 potions of mutation {unknown}
 H - 6 potions of haste
 I - a potion of cancellation {unknown}
 S - 2 potions of lignification


   Skills:
 + Level 11.2 Fighting
 - Level 20.2 Axes
 + Level 8.1 Armour
 - Level 1.7 Dodging
 - Level 10.2 Evocations


You had 13 spell levels left.
You didn't know any spells.
Your spell library was empty.

Dungeon Overview and Level Annotations

Branches:
Dungeon (15/15)            Temple (0/1) D:4            Lair (3/5) D:11
 Spider (0/4) Lair:2          Orc (2/2) D:10            Elf (0/3) Orc:2
 Vaults (0/5) D:14         Depths (0/4) D:15        Ossuary (visited)
  Swamp: Lair:2-3    Shoals: Lair:2-3

Altars:
Elyvilon
Gozag
Kikubaaqudgha
Qazlal
Xom
Yredelemnul
The Shining One
Beogh

Shops:
D:5 *   D:10 :!(=(   Orc:2 :=?!


Innate Abilities, Weirdness & Mutations

You can wield a second weapon in your off-hand.
It takes a long time for you to wield or remove held weapons.
Your first few attacks do less damage.
You cannot equip rings or amulets.


Message History

The six-headed hydra grows two more!
You slash the eight-headed hydra with the +6 hand axe of the Boiling Point!
The eight-headed hydra is lightly wounded.
You lop one of the eight-headed hydra's heads off!
The seven-headed hydra grows two more!
You slash the nine-headed hydra with your +2 heavy hand axe!
You chop one of the nine-headed hydra's heads off!
The eight-headed hydra grows two more!
You slash the ten-headed hydra with your +2 heavy hand axe!
The ten-headed hydra is lightly wounded.
You slice one of the ten-headed hydra's heads off!
The nine-headed hydra grows two more!
You hit the 11-headed hydra with the +6 hand axe of the Boiling Point.
The 11-headed hydra bites you! The 11-headed hydra bites you.
The 11-headed hydra closely misses you. The 11-headed hydra bites you!
The 11-headed hydra closely misses you.
The 11-headed hydra bites you but does no damage.
The 11-headed hydra closely misses you. The 11-headed hydra bites you!
The 11-headed hydra bites you but does no damage.
The 11-headed hydra bites you.
The 11-headed hydra bites you but does no damage.
There is a stone staircase leading up here.
The 11-headed hydra bites you but does no damage.
The 11-headed hydra bites you. x3
The 11-headed hydra bites you but does no damage. x2
The 11-headed hydra bites you! The 11-headed hydra bites you.
The 11-headed hydra bites you but does no damage.
The 11-headed hydra bites you! x2
* * * LOW HITPOINT WARNING * * *
You climb upwards.
There is a stone staircase leading down here.
Your ogre goes berserk!
The 11-headed hydra bites you!
* * * LOW HITPOINT WARNING * * *
The 11-headed hydra bites you.
* * * LOW HITPOINT WARNING * * *
The 11-headed hydra barely misses you. The 11-headed hydra bites you!
* * * LOW HITPOINT WARNING * * *
The 11-headed hydra bites you!
You die...

....#P...##..........##..........
.........#........#..P#.......#P.
.P.##.....+......##...........#..
.#.##P....#..+###.#...#........#.
.........##...#####...####.###.#.
.....................##..##.###..
.................................
..............O..................
................@................
..........###..D..#....P###.###..
..........##.##.+#.....## ### ##.
#+.##.....#......##....# ##.####.
..##......#......##....###...##..
P.P#......#......#.....#......##.
...<'.............#..........###.
..##........'#.####....#P....###.
####.......#..###.#..........##..


You could see a 11-headed hydra (ally target) and a friendly ogre (summoned,
berserk).

Vanquished Creatures
  Jorgrun (D:12)
  An ironbound preserver (D:14)
  Josephine (D:13)
  An ettin (D:15)
  A hydra (D:13)
  3 boulder beetles
  2 two-headed ogres
  8 centaur warriors
  A death knight (D:15)
  2 tengu warriors (D:14)
  An occultist (D:15)
  3 orc high priests (Orc:2)
  The ghost of Drangen the Shooter, a novice CoHu (D:10)
  Lodul (D:12)
  A skeletal warrior (D:13)
  Pikel (D:8)
  A deep elf pyromancer (D:13)
  5 orc knights
  2 necromancers
  6 cyclopes
  A manticore (shapeshifter) (D:13)
  5 orc sorcerers
  A manticore (D:14)
  2 ugly things
  A meliai (shapeshifter) (D:14)
  6 meliai
  2 kobold blastminers (Orc:2)
  A black mamba (Lair:1)
  4 elephants (Lair:2)
  A cane toad (shapeshifter) (D:14)
  Joseph (D:8)
  A gargoyle (D:13)
  2 cane toads (Lair:2)
  2 freezing wraiths (D:15)
  An unseen horror (D:12)
  2 kobold demonologists
  A rime drake (D:11)
  Maggie (D:6)
  2 komodo dragons
  2 tengu conjurers (D:15)
  10 trolls
  4 polar bears
  3 hornets
  The ghost of LydaLydish the Trooper, an amateur HuFi of Trog (D:4)
  Prince Ribbit (D:8)
  5 blink frogs (Lair:2)
  3 slime creatures (D:15)
  A centaur simulacrum (D:14)
  Sigmund (D:5)
  3 spriggans (D:10)
  A vampire (D:11)
  2 shadows
  A wyvern (D:9)
  17 yaks
  7 wraiths
  3 basilisks
  A warg (Orc:1)
  2 steam dragons
  7 vampire mosquitoes
  4 water moccasins
  An acid dragon (D:12)
  14 orc warriors
  A sky beast (D:6)
  4 black bears
  6 ice beasts
  2 laughing skulls (D:14)
  8 wolves
  11 ogres
  5 phantoms
  8 centaurs
  3 lemures (D:8)
  A weeping skull (Ossuary)
  6 kobold brigands
  A bullfrog (D:8)
  2 gnoll sergeants
  8 scorpions
  3 water moccasin zombies (Ossuary)
  A wyvern skeleton (D:4)
  16 wights
  10 killer bees
  3 howler monkeys
  A crimson imp (D:4)
  5 hounds
  4 jellies
  2 bombardier beetles
  A gnoll bouda (D:7)
  14 orc priests
  A centaur skeleton (D:4)
  Ijyb (D:5)
  2 sleepcaps (D:5)
  8 iguanas
  22 orc wizards
  3 polar bear simulacra (D:10)
  2 wolf simulacra (D:10)
  2 yak simulacra (D:10)
  A bullfrog simulacrum (Ossuary)
  2 crocodile zombies (Ossuary)
  2 mummies (Ossuary)
  A howler monkey zombie (D:4)
  20 gnolls
  4 adders
  A shadow imp (D:5)
  2 white imps
  An adder zombie (Ossuary)
  3 dart slugs (D:1)
  4 ribbon worms
  59 orcs
  7 endoplasms
  4 giant cockroaches
  6 gnoll zombies (Ossuary)
  8 goblins
  6 hobgoblins
  5 jackals
  5 quokkas
  7 ball pythons
  5 bats
  4 frilled lizards
  3 goblin skeletons (D:4)
  5 hobgoblin zombies (D:4)
  3 jackal zombies (Ossuary)
  15 kobolds
  A kobold zombie (D:4)
  3 orc skeletons (D:4)
  3 orc zombies
  2 rats
  4 river rat simulacra (D:10)
537 creatures vanquished.

Notes
Turn   | Place    | Note
-------+----------+-------------------------------------------
     0 | D:1      | sbaton the Coglin Berserker began the quest for the Orb.
     0 | D:1      | Reached XP level 1. HP: 18/18 MP: 1/1
   146 | D:1      | Reached XP level 2. HP: 19/24 MP: 2/2
   572 | D:1      | Reached XP level 3. HP: 21/29 MP: 3/3
   725 | D:1      | Found a faded altar of an unknown god.
  1385 | D:2      | You fall into a shaft and drop 2 floors!
  1410 | D:4      | Found a transporter.
  1410 | D:4      | Noticed LydaLydish's ghost (amateur HuFi)
  1459 | D:3      | Reached XP level 4. HP: 9/37 MP: 4/4
  1461 | D:3      | Reached ** piety under Trog
  1572 | D:3      | Reached skill level 4 in Axes
  1979 | D:3      | Found a basalt altar of Yredelemnul.
  2934 | D:4      | Reached XP level 5. HP: 39/43 MP: 5/5
  3055 | D:4      | Reached skill level 5 in Fighting
  3055 | D:4      | Reached skill level 5 in Axes
  3057 | D:4      | Reached XP level 6. HP: 14/51 MP: 6/6
  3192 | D:4      | Found a glowing golden altar of the Shining One.
  3493 | D:4      | Found a staircase to the Ecumenical Temple.
  3530 | D:4      | Found a transporter.
  3581 | D:4      | Reached XP level 7. HP: 42/57 MP: 7/7
  3581 | D:4      | Killed LydaLydish's ghost
  3582 | D:4      | Reached skill level 6 in Axes
  3860 | D:4      | Reached XP level 8. HP: 65/65 MP: 8/8
  3948 | D:4      | Reached *** piety under Trog
  4125 | D:4      | Reached skill level 7 in Axes
  4512 | D:5      | Entered Level 5 of the Dungeon
  4545 | D:5      | Found Toym's Assorted Antiques.
  4553 | D:5      | Bought a scroll labelled SEFISCHENEA for 33 gold pieces
  4553 | D:5      | Bought a scroll labelled AFOARGH GEEMMOA for 33 gold pieces
  4553 | D:5      | Bought an emerald potion for 29 gold pieces
  4553 | D:5      | Bought a purple potion for 29 gold pieces
  4553 | D:5      | Bought a scroll labelled SEUCOCZOXUNN for 33 gold pieces
  4553 | D:5      | Bought a red potion for 29 gold pieces
  4594 | D:5      | Noticed Sigmund
  4601 | D:5      | Killed Sigmund
  4691 | D:5      | Identified the +6 hand axe of the Boiling Point {vamp,
                  | Dex+3}
  4756 | D:5      | Noticed Ijyb
  4770 | D:5      | Killed Ijyb
  4794 | D:5      | Found a sand-covered staircase.
  4799 | Ossuary  | Entered an ossuary
  4808 | Ossuary  | Reached skill level 8 in Axes
  4927 | Ossuary  | Reached XP level 9. HP: 71/73 MP: 9/9
  5140 | D:5      | Reached **** piety under Trog
  5458 | D:6      | Noticed Maggie
  5462 | D:6      | Killed Maggie
  5463 | D:6      | Reached skill level 9 in Axes
  5881 | D:6      | Found a transporter.
  5881 | D:6      | Found a white marble altar of Elyvilon.
  5896 | D:6      | Found a transporter.
  5990 | D:7      | Reached skill level 10 in Fighting
  5990 | D:7      | Reached skill level 10 in Axes
  6198 | D:7      | Reached XP level 10. HP: 74/85 MP: 10/10
  6617 | D:7      | Reached ***** piety under Trog
  6806 | D:8      | Noticed Prince Ribbit
  6842 | D:8      | Killed Prince Ribbit
  7001 | D:8      | Identified the +1 robe "Kuongega" {Harm Rampage rPois
                  | rF+++}
  7039 | D:8      | Received a gift from Trog
  7091 | D:8      | Reached skill level 11 in Axes
  7172 | D:8      | Noticed Joseph
  7188 | D:8      | Killed Joseph
  7376 | D:8      | Noticed Pikel
  7392 | D:8      | Killed Pikel
  7632 | D:9      | Noticed a centaur warrior
  7638 | D:9      | Reached skill level 5 in Armour
  7665 | D:9      | Killed a centaur warrior
  7666 | D:9      | Reached XP level 11. HP: 58/93 MP: 11/11
  8171 | D:9      | Found a stormy altar of Qazlal.
  8185 | D:9      | Found an ancient bone altar of Kikubaaqudgha.
  8238 | D:9      | Found a shimmering altar of Xom.
  8301 | D:9      | Reached skill level 1 in Evocations
  8730 | D:10     | Entered Level 10 of the Dungeon
  8737 | D:10     | Found Pegadoss's Jewellery Emporium.
  8800 | D:10     | Found Afag's Weapon Shop.
  8805 | D:10     | Found Biahoyme's Weapon Shop.
  8832 | D:10     | Found a staircase to the Orcish Mines.
  9075 | D:10     | Reached skill level 5 in Evocations
  9146 | D:10     | Noticed a necromancer
  9154 | D:10     | Killed a necromancer
  9496 | D:10     | Found a runed translucent door.
  9496 | D:10     | Identified the +1 trident of Spontaneous Combustion
                  | {freeze, ^Contam rC- Int+8}
  9496 | D:10     | Noticed Drangen's ghost (novice CoHu)
  9497 | D:10     | Noticed a spriggan rider
  9692 | D:10     | Found Huwieff's Book Shop.
  9735 | D:10     | Found Faeqey's Distillery.
  9738 | D:10     | Bought a potion of degeneration for 15 gold pieces
  9738 | D:10     | Bought a potion of haste for 150 gold pieces
  9738 | D:10     | Bought a potion of curing for 45 gold pieces
  9829 | D:10     | Killed Drangen's ghost
  9844 | D:10     | Received a gift from Trog
  9908 | D:11     | Reached skill level 10 in Evocations
  9911 | D:11     | Reached XP level 12. HP: 77/100 MP: 12/12
 10028 | D:11     | HP: 3/150 [ice beast (6)]
 10424 | D:11     | Found an opulent altar of Gozag.
 10466 | D:11     | Reached skill level 12 in Axes
 10565 | D:11     | Found a staircase to the Lair.
 10949 | D:12     | Noticed a two-headed ogre
 10960 | D:12     | Killed a two-headed ogre
 11082 | D:12     | Reached skill level 13 in Axes
 11485 | D:12     | Noticed Lodul
 11503 | D:12     | Killed Lodul
 11825 | D:12     | Noticed Jorgrun
 11840 | D:12     | Killed Jorgrun
 11841 | D:12     | Reached skill level 14 in Axes
 12083 | D:13     | Noticed a centaur warrior
 12097 | D:13     | Killed a centaur warrior
 12139 | D:13     | Noticed Josephine
 12155 | D:13     | Killed Josephine
 12156 | D:13     | Reached XP level 13. HP: 105/105 MP: 13/13
 12160 | D:13     | Reached skill level 15 in Axes
 13092 | D:13     | Reached skill level 16 in Axes
 13756 | D:14     | Noticed an ironbound preserver
 13885 | D:14     | Found a gate to the Vaults.
 13896 | D:14     | Killed an ironbound preserver
 13941 | D:14     | HP: 5/106 [boulder beetle (15)]
 14162 | D:13     | Reached skill level 17 in Axes
 16116 | D:15     | Entered Level 15 of the Dungeon
 16172 | D:15     | Reached skill level 18 in Axes
 16172 | D:15     | Reached XP level 14. HP: 58/113 MP: 14/14
 16172 | D:15     | Acquired a N-60 megawhirligig {rPois rCorr Slay+3 Clar
                  | RMsl}
 16471 | D:15     | Found a staircase to the Depths.
 17374 | Orc:1    | Entered Level 1 of the Orcish Mines
 17560 | Orc:1    | Reached skill level 19 in Axes
 17825 | Orc:2    | Entered Level 2 of the Orcish Mines
 17863 | Orc:2    | Found a roughly hewn altar of Beogh.
 18017 | Orc:2    | Found a staircase to the Elven Halls.
 18299 | Orc:2    | Received a gift from Trog
 18353 | Orc:2    | Found Taemaadd's Jewellery Shop.
 18353 | Orc:2    | Found Lecada's Book Emporium.
 18398 | Orc:2    | Found Nonoekip's Distillery.
 18398 | Orc:2    | Found Leruehic's Magic Scroll Emporium.
 18411 | Orc:2    | Bought a potion of haste for 140 gold pieces
 18411 | Orc:2    | Bought a potion of haste for 140 gold pieces
 18412 | Orc:2    | Bought a scroll of fear for 72 gold pieces
 18412 | Orc:2    | Bought 3 scrolls of revelation for 405 gold pieces
 18412 | Orc:2    | Bought a scroll of identify for 36 gold pieces
 18412 | Orc:2    | Bought a scroll of identify for 36 gold pieces
 18682 | Lair:1   | Entered Level 1 of the Lair of Beasts
 19455 | Lair:1   | Upgraded the game from 0.32-a0-629-g87aaac5c70 to
                  | 0.32-a0-646-g91cf321817
 19588 | Lair:2   | Reached skill level 20 in Axes
 19657 | Lair:2   | Found a hole to the Spider Nest.
 20255 | Lair:2   | Slain by an 11-headed hydra

Illustrated notes

Levels and vault maps discovered:
D:1:      dpeg_arrival_radiant, layout_basic, hellmonk_ecumenical_altar_blasted,
          minivault_27
D:2:      layout_loops_corners
D:3:      layout_loops_ring, mainiacjoe_overflow_six_doors_small,
          kennysheep_generic_room_12
D:4:      layout_basic, nicolae_tso_besieged_by_evil, lemuel_temple_firewalk_b,
          gammafunk_ghost_mausoleum, serial_co_window_serial, co_window_paths_b,
          co_window_paths_a, co_window_of_opportunity_a,
          co_window_of_opportunity_a, co_window_of_opportunity_a,
          co_window_broadway_a, co_window_unsneaky_path_a, co_window_broadway_c,
          co_window_corner_b, co_window_4corner_b, co_window_paths_d,
          glass_columns_c
D:5:      layout_rooms, enter_ossuary_2, serial_shops, shop, dk_noncrumbling_4,
          minmay_misc_feat_more_columns, uniq_ijyb, uniq_sigmund
D:6:      layout_basic, elyvilon_altar_4, uniq_maggie
D:7:      layout_gridville
D:8:      layout_basic, minmay_strange_pillars, uniq_prince_ribbit1,
          uniq_joseph, uniq_pikel
D:9:      kennysheep_ambush_hall, layout_irregular_city,
          nicolae_overflow_hidden_temple, jmf_multi_god_temple2
D:10:     layout_cave_pools, orc_0_dummy, serial_shops, shop,
          nicolae_shop_tiny_waterfront, shop, shop, kennysheep_mini_moat,
          ebering_ghost_funeral_grove, nicolae_sextant, eino_house_with_fridge
D:11:     layout_roguey, hellmonk_lair_entry_icy, grunt_gozag_statues
D:12:     layout_gridville, uniq_lodul, uniq_jorgrun
D:13:     layout_small_grid, uniq_josephine
D:14:     layout_roguey, skrybe_vaults_entry_preservation, chequers_garden
D:15:     hangedman_depths_entry_civil_slaughter, layout_loops_ring,
          nicolae_zig_zag_zippers, hangedman_decor_peaks_small
Lair:1:   layout_cave_pods
Lair:2:   layout_regular_city, nicolae_spider_entry_non_spiders
Lair:3:   layout_long_grid, swamp_mist, grunt_forest_small_clearing_treed,
          uniq_amaemon
Orc:1:    layout_diamond_mine
Orc:2:    grunt_orc_tribal_feast, layout_caves, mines1_david

Skill      XL: |  1  2  3  4  5  6  7  8  9 10 11 12 13 14 |
---------------+-------------------------------------------+-----
Fighting       | 4 5 6 8 10 11 | 11.2
Axes           | 4 5 6 8 10 11 14 18 20 | 20.2
Armour         | 6 8 |  8.1
Evocations     | 10 | 10.2
Dodging        | |  1.7

Action                     |  1- 3 |  4- 6 |  7- 9 | 10-12 | 13-15 || total
---------------------------+-------+-------+-------+-------+-------++-------
  Melee: Hand axe          |    97 |   181 |   393 |   915 |  1068 ||  2654
         Dagger            |    91 |   169 |    99 |       |       ||   359
 Invoke: Berserk           |       |     2 |     3 |    13 |     7 ||    25
         Trog's Hand       |       |     1 |       |     3 |     4 ||     8
         Brothers in Arms  |       |       |       |       |     1 ||     1
Ability: Begin Untransform |       |       |       |     1 |       ||     1
         Invent Gizmo      |       |       |       |       |     1 ||     1
  Evoke: Wand              |       |       |       |     2 |    12 ||    14
    Use: Scroll            |       |       |     6 |     4 |     4 ||    14
         Potion            |       |       |       |     1 |     1 ||     2
 Armour: Animal skin       |    66 |     1 |       |       |       ||    67
         Ring mail         |       |   117 |   148 |    58 |       ||   323
         Skin              |       |       |     6 |       |       ||     6
         Scale mail        |       |       |       |   365 |   475 ||   840
  Dodge: Dodged            |    53 |    86 |   113 |   221 |   222 ||   695
         Repelled          |       |       |       |     2 |    23 ||    25
   Form: Flux              |       |       |       |     1 |       ||     1

Table legend: (Time is in decaauts)
 A = Elapsed time spent in this place.
 B = Non-inter-level travel time spent in this place.
 C = Inter-level travel time spent in this place.
 D = Time resting spent in this place.
 E = Time spent auto-exploring this place.
 F = Levels seen in this place.
 G = Mean time per level.
                   A        B        C        D        E       F      G
               +--------+--------+--------+--------+--------+-----+--------+
         Total |  20179 |  19647 |    532 |   1749 |  13985 |  21 |  960.9 |
       Dungeon |  17229 |  16797 |    432 |   1666 |  11893 |  15 | 1148.6 |
          Lair |   1553 |   1478 |     75 |      0 |   1309 |   3 |  517.7 |
  Orcish Mines |   1186 |   1162 |     24 |     31 |    719 |   2 |  593.0 |
       Ossuary |    210 |    210 |      0 |     51 |     64 |   1 |  210.0 |
               +--------+--------+--------+--------+--------+-----+--------+

Top non-repeatable levels by time:
    D:14: 2157 daAuts
     D:4: 1731 daAuts
    D:13: 1724 daAuts
    D:12: 1499 daAuts
     D:9: 1380 daAuts
    D:15: 1196 daAuts
    D:10: 1121 daAuts
     D:1: 1042 daAuts
     D:2: 979 daAuts
    D:11: 843 daAuts
     D:7: 814 daAuts
  Lair:1: 810 daAuts
     D:3: 788 daAuts
  Lair:2: 729 daAuts
     D:8: 717 daAuts
